 Dungeon Crawl Stone Soup version 0.21.1-1-g345015f (webtiles) character file.

82 Silverflame8080 the Chopper (level 4, -1/61 HPs)
             Began as a Hill Orc Abyssal Knight on Feb 18, 2018.
             Was a Follower of Lugonu.
             Succumbed to Robin's poison
             ... on level 2 of the Dungeon.
             The game lasted 00:13:54 (1534 turns).

Silverflame8080 the Chopper (HOAK)                  Turns: 1534, Time: 00:13:54

Health: -1/61      AC: 22    Str: 14    XL:     4   Next: 43%
Magic:  6/6        EV:  2    Int: 12    God:    Lugonu [*.....]
Gold:   107        SH:  0    Dex: 11    Spells: 3/3 levels left

rFire    . . .     SeeInvis .   e - +0 mace (crush)
rCold    . . .     Gourm    .   (no shield)
rNeg     + + +     Faith    .   (armour currently unavailable)
rPois    +         Spirit   .   (helmet currently unavailable)
rElec    .         Reflect  .   (cloak currently unavailable)
rCorr    .         Harm     .   (gloves currently unavailable)
MR       .....     NoTele   +   (boots currently unavailable)
Stlth    +.........             (no amulet)
HPRegen  0.20/turn              (no ring)
MPRegen  0.10/turn              (no ring)

@: lethally poisoned (-1 -> -27), tree-form
A: no striking features
a: Depart the Abyss, Renounce Religion


You were on level 2 of the Dungeon.
You worshipped Lugonu.
Lugonu was aware of your devotion.
You were not hungry.
You were a tree.
You visited 1 branch of the dungeon, and saw 3 of its levels.
You visited the Abyss 1 time.

You collected 107 gold pieces.

Inventory:

Hand Weapons
 e - a +0 mace of crushing (weapon)
Missiles
 h - 21 bolts
 i - 21 stones (quivered)
 l - 25 sling bullets
 r - 3 needles of confusion
Armour
 j - a +0 ring mail (melded)
Jewellery
 m - a +3 amulet of reflection {unknown}
 o - an uncursed ring of poison resistance {unknown}
Scrolls
 b - a scroll of enchant weapon {unknown}
Potions
 d - a potion of lignification
 f - a potion of resistance {unknown}
 g - a potion of invisibility {unknown}
 k - a potion of degeneration {unknown}
 p - a potion of flight {unknown}
 q - a potion of agility {unknown}
Comestibles
 c - 6 rations
 n - 8 chunks of flesh


   Skills:
 + Level 4.4 Fighting
   Level 4.6 Axes
 + Level 2.5 Armour
 - Level 1.0 Dodging
 * Level 2.9 Invocations


You had 3 spell levels left.
You didn't know any spells.

Dungeon Overview and Level Annotations

Branches:
Dungeon (3/15)

Altars:

Annotations:
D:2 Robin


Message History

The hobgoblin hits you but does no damage.
Robin throws the goblin at you!
You barely miss the hobgoblin.
The hobgoblin is moderately wounded.
You feel sick. The goblin barely misses you.
The hobgoblin hits you with a club.
* * * LOW HITPOINT WARNING * * *
The goblin barely misses you. Robin completely misses you.
You sock the hobgoblin!
You kill the hobgoblin!
Lugonu accepts your kill.
* * * LOW HITPOINT WARNING * * *
You feel sick. The goblin closely misses you. x2
Robin hits you from afar with a spear of venom.
* * * LOW HITPOINT WARNING * * *
You are more poisoned.
The goblin closely misses you.
It was a potion of lignification.
You turn into a tree.
Your +0 ring mail melds into your body.
Your roots penetrate the ground.
You die...

#.......#
#.......#
#.......#
###...###
#...#######
#...##....#
#...##.##.######
##..##g##......#
#.>)♣g#######.#
##g####...###.#
#.####.#.#...#
#......#.#.###
#.######.#.#
###....#.#.#
#......#<#
####.##### #.#


You could see Robin and 2 goblins.

Vanquished Creatures
  A centaur skeleton (D:2)
  2 adders (D:2)
  A worm (D:2)
  6 bats
  3 giant cockroaches
  2 goblins
  4 hobgoblins
  7 jackals (D:2)
  2 kobolds (D:1)
  2 frilled lizards (D:2)
  3 rats (D:1)
33 creatures vanquished.

Notes
Turn   | Place    | Note
-------+----------+-------------------------------------------
     0 | Abyss:1  | Silverflame8080 the Hill Orc Abyssal Knight began the quest for the Orb.
     0 | Abyss:1  | Reached XP level 1. HP: 19/19 MP: 2/2
     5 | D:1      | Escaped the Abyss
   111 | D:1      | Reached skill level 1 in Dodging
   119 | D:1      | Reached * piety under Lugonu
   119 | D:1      | Reached XP level 2. HP: 27/27 MP: 3/3
   856 | D:2      | Reached XP level 3. HP: 12/33 MP: 4/4
  1347 | D:2      | Reached XP level 4. HP: 33/41 MP: 4/6
  1523 | D:3      | Noticed Robin
  1533 | D:2      | HP: 1/41 [Robin/spear of venom (5)]
  1534 | D:2      | Succumbed to Robin's poison

Skill      XL: |  1  2  3 |
---------------+----------+-----
Axes           | 3 4 |  4.6
Dodging        | 1 |  1.0
Fighting       | 4 |  4.4
Armour         | |  2.5
Invocations    | |  2.9

Action                   |  1- 3 |  4- 6 || total
-------------------------+-------+-------++-------
Melee: Hand axe          |   112 |     8 ||   120
       Mace              |       |     6 ||     6
Throw: Stone             |    16 |     2 ||    18
Invok: Depart the Abyss  |     1 |       ||     1
  Use: Scroll            |     2 |     1 ||     3
       Potion            |       |     1 ||     1
  Eat: Chunk             |     1 |     1 ||     2
Armor: Leather armour    |    15 |       ||    15
       Ring mail         |    40 |     7 ||    47
Dodge: Dodged            |    83 |    25 ||   108
